 Dungeon Crawl Stone Soup version 0.28-a0-794-gafe8c5f9e9 (webtiles) character file.

Game seed: 13665884119512383080

20 kae the Caller (level 2, -2/16 HPs)
             Began as a Tengu Summoner on Nov 5, 2021.
             Slain by a quokka (4 damage)
             ... on level 1 of the Dungeon.
             The game lasted 00:00:45 (1291 turns).

kae the Caller (Tengu Summoner)                     Turns: 1291, Time: 00:00:45

Health: -2/16      AC:  2    Str:  8    XL:     2   Next: 79%
Magic:  4/6        EV: 12    Int: 15    God:
Gold:   18         SH:  0    Dex: 14    Spells: 4/5 levels left

rFire   . . .      SeeInvis .   (no weapon)
rCold   . . .      Faith    .   (no shield)
rNeg    . . .      Spirit   .   a - +0 robe
rPois   .          Reflect  .   (helmet restricted)
rElec   .          Harm     .   (no cloak)
rCorr   .          Rampage  .   (no gloves)
Will    .....                   (boots unavailable)
Stlth   ++........              (no amulet)
HPRegen 0.05/turn               (no ring)
MPRegen 0.10/turn               (no ring)

@: no status effects
A: beak, talons 3
a: no special abilities


You were on level 1 of the Dungeon.
You visited 1 branch of the dungeon, and saw 1 of its levels.

You collected 18 gold pieces.

Inventory:

Armour
 a - a +0 robe (worn)


   Skills:
 + Level 0.8 Fighting
 + Level 2.5 Dodging
 - Level 2.0 Stealth
 + Level 2.2 Spellcasting
 * Level 5.2 Summonings


You had 4 spell levels left.
You knew the following spells:

 Your Spells              Type           Power      Damage    Failure   Level
a - Summon Small Mammal   Summ           68%        N/A       2%          1

Your spell library contained the following spells:

 Spells                   Type           Power      Damage    Failure   Level
 Call Imp                 Summ           17%        N/A       3%          2
 Call Canine Familiar     Summ           17%        N/A       8%          3
 Summon Guardian Golem    Hex/Summ       9%         N/A       22%         3
 Summon Lightning Spire   Summ/Air       9%         N/A       58%         4


Dungeon Overview and Level Annotations

Branches:
Dungeon (1/15)

Altars:


Innate Abilities, Weirdness & Mutations

You have a beak for a mouth.
You have claws for feet.


Message History

The quokka bites your quokka.
Your quokka dies!
Your quokka's corpse disappears in a puff of smoke!
The hobgoblin hits you. The ball python barely misses you.
The ball python closely misses you.
You completely miss the hobgoblin. You claw the hobgoblin.
You kill the hobgoblin!
Your bat hits the quokka but does no damage.
The ball python barely misses you. The ball python grabs you.
The ball python constricts you. The quokka closely misses you.
Your bat hits the quokka.
The ball python bites you but does no damage.
The ball python constricts you.
You closely miss the ball python. Your kick misses the ball python.
The ball python is moderately wounded.
Your bat barely misses the quokka.
The quokka misses you. The ball python closely misses you.
The ball python constricts you.
You are too injured to fight recklessly!
You are too injured to fight recklessly!
You are too injured to fight recklessly!
You are too injured to fight recklessly!
Casting: Summon Small Mammal (safe; 2% risk of failure)
Confirm with . or Enter, or press ? or * to list all spells.
Your bat closely misses the quokka.
The quokka bites you. The ball python closely misses you.
The ball python constricts you. The quokka barely misses you.
The ball python barely misses you. The ball python constricts you.
Your quokka closely misses the ball python.
Your bat hits the quokka but does no damage.
You closely miss the ball python. Your peck misses the ball python.
The ball python is moderately wounded.
Your bat barely misses the quokka.
The quokka bites you.
* * * LOW HITPOINT WARNING * * *
The ball python barely misses you. The ball python constricts you.
* * * LOW HITPOINT WARNING * * *
Your quokka bites the ball python.
The quokka closely misses you.
You escape the ball python's grasp.
Your bat misses the quokka.
Your quokka closely misses the ball python.
The quokka bites you.
You die...

#..#.#.#####.#######...##.#.#
####..#...# #.# ###.##.#.#
#.....##### #.# #.##.#.#
#.###.# #.# #.##.#.# #.....#
#.# ###+##+#.# ####### #.#
.......).# #.# .........#
#######'#### .........#
.......@...# .........#
..!...rS...# .........#
..?...b....# .........#
.......r...+ ..........
...........# ..#####.##
...........# #..#..##
...........# #.....#.
...........# ##....##
...........# #.....#


You could see a quokka (ally target), a ball python (ally target), a friendly
quokka (summoned) and a friendly bat (summoned).

Vanquished Creatures
  2 hobgoblins (D:1)
  A quokka (D:1)
  A bat (D:1)
  A frilled lizard (D:1)
  A kobold (D:1)
  A rat (D:1)
7 creatures vanquished.

Vanquished Creatures (collateral kills)
  3 goblins (D:1)
  A hobgoblin (D:1)
  2 quokkas (D:1)
  2 ball pythons (D:1)
  3 bats (D:1)
11 creatures vanquished.

Grand Total: 18 creatures vanquished

Notes
Turn   | Place    | Note
-------+----------+-------------------------------------------
     0 | D:1      | kae the Tengu Summoner began the quest for the Orb.
     0 | D:1      | Reached XP level 1. HP: 10/10 MP: 4/4
     9 | D:1      | Found a faded altar of an unknown god.
   177 | D:1      | Reached skill level 5 in Summonings
   179 | D:1      | Reached XP level 2. HP: 3/16 MP: 3/6
  1291 | D:1      | Slain by a quokka

Illustrated notes

Levels and vault maps discovered:
D:1:      heliophobic_arrival_enchanted_forest, layout_basic,
          shapermc_ecumenical_altar_gd, minmay_misc_feat_rugged

Skill      XL: |  1 |
---------------+----+-----
Summonings     | 5 |  5.2
Fighting       | |  0.8
Dodging        | |  2.5
Stealth        | |  2.0
Spellcasting   | |  2.2

Action                   || total
-------------------------++-------
Melee: Unarmed           ||    37
       Kick              ||     7
       Peck              ||     6
 Cast: Summon Small Mamm ||    19
 Stab: Sleeping          ||     1
Armor: Robe              ||    17
Dodge: Dodged            ||    85

Table legend: (Time is in decaauts)
 A = Elapsed time spent in this place.
 B = Non-inter-level travel time spent in this place.
 C = Inter-level travel time spent in this place.
 D = Time resting spent in this place.
 E = Time spent auto-exploring this place.
 F = Levels seen in this place.
 G = Mean time per level.
                   A        B        C        D        E       F      G
               +--------+--------+--------+--------+--------+-----+--------+
         Total |   1291 |   1291 |      0 |    484 |    642 |   1 | 1291.0 |
       Dungeon |   1291 |   1291 |      0 |    484 |    642 |   1 | 1291.0 |
               +--------+--------+--------+--------+--------+-----+--------+

Top non-repeatable levels by time:
     D:1: 1291 daAuts
